 Dungeon Crawl Stone Soup version 0.27-a0-732-ga892ba84f6 (webtiles) character file.

Game seed: 16114280624966440442

11302 night the Fighter (level 11, -3/86 HPs)
             Began as a Djinni Venom Mage on Mar 23, 2021.
             Was a Priest of Makhleb.
             Killed from afar by a molten gargoyle (12 damage)
             ... with a bolt of magma
             ... in a volcano.
             The game lasted 00:39:44 (15937 turns).

night the Fighter (Djinni Venom Mage)              Turns: 15937, Time: 00:39:46

Health: -3/86      AC:  7    Str:  7      XL:     11   Next: 75%
Magic:  0/0        EV: 12    Int: 19 (20) God:    Makhleb [***...]
Gold:   698        SH:  0    Dex: 14      Spells: 3/29 levels left

rFire    + + .     SeeInvis .   C - +2 whip (elec)
rCold    . . .     Faith    .   (no shield)
rNeg     + . .     Spirit   .   J - +1 leather armour of the Equinox {Stlth+}
rPois    ∞         Reflect  .   n - +0 helmet
rElec    .         Harm     .   m - +0 cloak
rCorr    .         Rampage  .   (no gloves)
Will     +....                  (boots unavailable)
Stlth    +++.......             (no amulet)
HPRegen  0.24/turn              g - ring of protection from cold
MPRegen  0.00/turn              F - ring of positive energy

@: flying
A: fire resistance 2, cold vulnerability 1, float, innate caster, hp casting,
extra vitality 1
a: Renounce Religion, Minor Destruction, Lesser Servant of Makhleb


You were in a volcano.
You worshipped Makhleb.
Makhleb was most pleased with you.
You visited 2 branches of the dungeon, and saw 13 of its levels.
You also visited: Volcano.

You collected 698 gold pieces.

Inventory:

Hand Weapons
 j - a +0 dagger
 l - a +2 dagger of speed
 B - a +2 vampiric spear
 C - a +2 whip of electrocution (weapon)
Missiles
 e - 3 atropa-tipped darts
 t - 4 javelins
 u - 8 curare-tipped darts
 G - 16 poisoned darts
 K - 4 boomerangs of dispersal
Armour
 m - a +0 cloak (worn)
 n - a +0 helmet (worn)
 J - the +1 leather armour of the Equinox (worn) {Stlth+}
   (You found it on level 8 of the Dungeon)

   It makes you more stealthy.
Jewellery
 g - a ring of protection from cold (right hand)
 o - a ring of resist corrosion
 F - a ring of positive energy (left hand)
Wands
 a - a wand of acid (5)
 p - a wand of polymorph (9)
 D - a wand of random effects (11)
Scrolls
 b - 2 scrolls of enchant weapon
 i - 4 scrolls of immolation
 k - a scroll of holy word
 r - 2 scrolls of enchant armour
 s - 4 scrolls of teleportation
 w - 2 scrolls of fog
 x - a scroll of noise
 y - 8 scrolls of identify
Potions
 c - 2 potions of heal wounds {unknown}
 d - 2 potions of might
 h - a potion of ambrosia
 q - a potion of curing
 v - a potion of degeneration
 z - 2 potions of magic {unknown}
 A - 2 potions of resistance {unknown}
 E - a potion of mutation {unknown}
 H - 2 potions of berserk rage {unknown}
 I - a potion of attraction {unknown}


   Skills:
 * Level 10.9 Fighting
 + Level 7.2 Armour
 - Level 3.5 Dodging
 - Level 1.5 Stealth
 * Level 9.7 Spellcasting
 + Level 5.9 Invocations


You had 3 spell levels left.
You knew the following spells:

 Your Spells              Type           Power      Damage    Failure   Level
a - Sting                 Tmut/Pois      100%       1d8       1%          1
b - Poisonous Vapours     Pois/Air       92%        N/A       1%          2
c - Ignite Poison         Fire/Tmut/Pois 46%        N/A       1%          3
d - Olgreb's Toxic Radia  Pois           46%        N/A       1%          4
e - Mephitic Cloud        Conj/Pois/Air  46%        N/A       1%          3
f - Shock                 Conj/Air       100%       1d9       1%          1
g - Call Imp              Summ           46%        N/A       1%          2
h - Blink                 Tloc           N/A        N/A       1%          2
i - Fulminant Prism       Conj/Hex       23%        3d13      1%          4
j - Summon Lightning Spi  Summ/Air       46%        N/A       1%          4
Your spell library was empty.

Dungeon Overview and Level Annotations

Branches:
Dungeon (10/15)            Temple (0/1) D:6            Lair (3/6) D:9
 Shoals (0/4) Lair:3       Spider (0/4) Lair:3      Volcano (1/1)
    Orc: D:9-12

Altars:
Ashenzari
Dithmenos
Elyvilon
Gozag
Hepliaklqana
Makhleb
Okawaru
Uskayaw
Vehumet
Xom
Zin


Innate Abilities, Weirdness & Mutations

You are immune to poison.
Your flesh is very heat resistant. (rF++)
You are vulnerable to cold. (rC-)
You float through the air rather than walking.
You learn spells naturally, not from books.
Your magical power is your life essence.
You have superior vitality. (+4 HP)


Message History

The molten gargoyle hits you with a +0 flail!
You are engulfed in flames.
You resist.
The molten gargoyle blasts magma at you!
The bolt of magma hits you! You partially resist.
* * * LOW HITPOINT WARNING * * *
Your lightning spire shoots out a bolt of lightning at the molten gargoyle!
The bolt of electricity hits the molten gargoyle.
The molten gargoyle resists.
The bolt of electricity hits the molten gargoyle.
The molten gargoyle resists.
The molten gargoyle blasts magma at your lightning spire!
The bolt of magma hits your lightning spire!
Your lightning spire partially resists.
Aiming: Random Effects
Press: ? - help, Shift-Dir - straight line, f - molten gargoyle
Aim: a molten gargoyle, wielding a +0 flail (almost destroyed)
The molten gargoyle seems to speed up.
The molten gargoyle blasts magma at something!
Aiming: Random Effects
Press: ? - help, Shift-Dir - straight line, f/p - molten gargoyle
Aim: a molten gargoyle, wielding a +0 flail (almost destroyed, fast)
The molten gargoyle resists with almost no effort.
Casting: Summon Lightning Spire (dangerous; 1% risk of failure)
Confirm with . or Enter, or press ? or * to list all spells.
Aiming: Sting (safe; 1% risk of failure)
Press: ? - help, Shift-Dir - straight line, f/p - molten gargoyle
Aim: a molten gargoyle, wielding a +0 flail (almost destroyed, fast, ally target, 13% to evade)
The sting hits the molten gargoyle.
The molten gargoyle is almost destroyed.
* * * LOW HITPOINT WARNING * * *
The molten gargoyle blasts magma at you!
The bolt of magma hits you! You partially resist.
* * * LOW HITPOINT WARNING * * *
Aiming: Corrosive Bolt
Press: ? - help, Shift-Dir - straight line, f/p - molten gargoyle
Aim: a molten gargoyle, wielding a +0 flail (almost destroyed, fast, ally target, 17% to evade)
The bolt of acid misses the molten gargoyle.
The molten gargoyle blasts magma at you!
The bolt of magma hits you! You partially resist.
You die...

### ##.
##.### ##.≈
##...≈##
v.§≈.
#..@.°°#
°.≈≈≈
+..9.§°#
≈○≈≈E##..≈≈≈#
≈≈°°v##..§§≈#
#≈#≈###.§§§≈#
# # #'..∩§≈°#
#..#..8.≈○#
.... ##...○##
###. ##.###


You could see a fire elemental, a molten gargoyle (fast, ally target), a fire
vortex and a friendly lightning spire (summoned).

Vanquished Creatures
  A hydra (Lair:2)
  Erica (Lair:1)
  A catoblepas (Lair:3)
  2 two-headed ogres (D:8)
  A cane toad (Lair:1)
  Psyche (D:9)
  2 komodo dragons
  Grinder (D:5)
  5 blink frogs (Lair:1)
  A hornet (D:7)
  2 wyverns
  Grum (D:9)
  2 soldier ants (D:9)
  3 water moccasins
  3 orc warriors
  2 ice beasts
  A black bear (D:9)
  A hornet zombie (D:7)
  8 ogres
  2 wolves (D:9)
  3 centaurs
  3 phantoms
  14 bullfrogs
  An earth elemental (Volcano)
  A gnoll sergeant (D:6)
  3 scorpions
  7 killer bees (D:9)
  A howler monkey (D:5)
  A centaur zombie (D:6)
  4 hounds
  5 jellies
  An orc priest (D:5)
  Crazy Yiuf (D:3)
  A centaur skeleton (D:9)
  2 bullfrog skeletons
  Ijyb (D:4)
  An iguana (D:8)
  15 worker ants
  5 orc wizards
  A hound zombie (D:7)
  A howler monkey zombie (D:7)
  4 gnolls (D:6)
  12 adders
  A shadow imp (D:8)
  A white imp (D:4)
  3 ufetubi
  An adder zombie (D:6)
  An adder skeleton (D:8)
  3 worms (D:2)
  22 orcs
  5 giant cockroaches
  6 goblins
  4 hobgoblins
  12 jackals
  9 oozes
  9 quokkas
  8 ball pythons
  6 bats
  3 frilled lizards
  2 jackal skeletons
  5 kobolds
  3 quokka skeletons
  5 rats
  A butterfly (D:9)
239 creatures vanquished.

Vanquished Creatures (collateral kills)
  A cane toad (Lair:2)
  A water moccasin (Lair:2)
  A centaur skeleton (D:9)
  A worker ant (D:4)
  An adder (D:4)
  A shadow imp (D:4)
  2 white imps (D:5)
  An ooze (D:4)
  A quokka skeleton (D:4)
10 creatures vanquished.

Vanquished Creatures (others)
  An ooze (D:3)
  A kobold (D:3)
  5 fulminant prisms
  12 fungi
  12 plants
31 creatures vanquished.

Grand Total: 280 creatures vanquished

Notes
Turn   | Place    | Note
-------+----------+-------------------------------------------
     0 | D:1      | night the Djinni Venom Mage began the quest for the Orb.
     0 | D:1      | Reached XP level 1. HP: 15/15 MP: 0/0
   305 | D:1      | Reached XP level 2. HP: 19/22 MP: 0/0
   423 | D:1      | Reached skill level 1 in Fighting
  1265 | D:2      | Reached XP level 3. HP: 18/27 MP: 0/0
  1265 | D:2      | Learned a level 1 spell: Shock
  2200 | D:2      | Reached skill level 2 in Fighting
  2410 | D:2      | Reached XP level 4. HP: 28/33 MP: 0/0
  2689 | D:3      | Noticed an ogre
  2702 | D:3      | Killed an ogre
  2703 | D:3      | Reached XP level 5. HP: 30/40 MP: 0/0
  2703 | D:3      | Learned a level 2 spell: Call Imp
  3029 | D:3      | Found a runed translucent door.
  3030 | D:3      | Noticed Crazy Yiuf
  3098 | D:3      | Killed Crazy Yiuf
  3099 | D:3      | Reached skill level 3 in Fighting
  3290 | D:3      | Found a shadowy altar of Dithmenos.
  4277 | D:4      | Reached XP level 6. HP: 40/46 MP: 0/0
  4398 | D:4      | Noticed Ijyb
  4403 | D:4      | Killed Ijyb
  4621 | D:4      | Reached skill level 1 in Armour
  4696 | D:4      | Reached skill level 4 in Fighting
  5042 | D:4      | Found a radiant altar of Vehumet.
  5072 | D:4      | Reached XP level 7. HP: 38/52 MP: 0/0
  5072 | D:4      | Learned a level 2 spell: Blink
  5184 | D:3      | Found a hazy altar of Hepliaklqana.
  5184 | D:3      | Found a burning altar of Makhleb.
  5195 | D:3      | Became a worshipper of Makhleb the Destroyer
  5402 | D:4      | Found a white marble altar of Elyvilon.
  5469 | D:5      | Entered Level 5 of the Dungeon
  5527 | D:5      | Noticed Grinder
  5547 | D:5      | Killed Grinder
  5548 | D:5      | Reached skill level 2 in Armour
  5548 | D:5      | Reached skill level 5 in Spellcasting
  5750 | D:5      | Found an opulent altar of Gozag.
  6006 | D:5      | Reached skill level 5 in Fighting
  6485 | D:5      | Reached XP level 8. HP: 42/59 MP: 0/0
  7214 | D:6      | Found a hazy altar of Hepliaklqana.
  7255 | D:6      | Reached * piety under Makhleb
  7266 | D:6      | Reached skill level 6 in Fighting
  8112 | D:6      | Found a staircase to the Ecumenical Temple.
  8586 | D:7      | Reached XP level 9. HP: 63/67 MP: 0/0
  8586 | D:7      | Learned a level 4 spell: Fulminant Prism
  8630 | D:7      | Noticed a hornet
  8638 | D:7      | Killed a hornet
  8639 | D:7      | Reached skill level 7 in Fighting
  8639 | D:7      | Reached skill level 1 in Invocations
  8880 | D:7      | Found a broken altar of Ashenzari.
  9776 | D:7      | Found a shimmering altar of Xom.
 10101 | D:8      | Identified the +1 leather armour of the End {*Slow rPois
                  | rC++ rCorr}
 10103 | D:8      | Found a glowing silver altar of Zin.
 10150 | D:8      | Reached skill level 2 in Invocations
 10232 | D:8      | Found a hide-covered altar of Uskayaw.
 10247 | D:8      | Reached ** piety under Makhleb
 10390 | D:8      | Noticed a two-headed ogre
 10394 | D:8      | Killed a two-headed ogre
 10395 | D:8      | Reached skill level 8 in Fighting
 10498 | D:8      | Reached skill level 5 in Armour
 10530 | D:8      | Identified the +1 leather armour of the Equinox {Stlth+}
 10720 | D:8      | Found an iron altar of Okawaru.
 10730 | D:8      | Reached XP level 10. HP: 76/76 MP: 0/0
 10829 | D:8      | Noticed a two-headed ogre
 10836 | D:8      | Killed a two-headed ogre
 11337 | D:9      | Noticed Psyche
 11342 | D:9      | Killed Psyche
 11343 | D:9      | Reached skill level 9 in Fighting
 11473 | D:9      | Found a staircase to the Lair.
 11561 | D:9      | Found a runed translucent door.
 11563 | D:9      | Found a runed translucent door.
 11661 | D:9      | Reached *** piety under Makhleb
 11799 | D:9      | Noticed Grum
 11808 | D:9      | Killed Grum
 12346 | D:9      | Reached XP level 11. HP: 77/85 MP: 0/0
 12346 | D:9      | Learned a level 4 spell: Summon Lightning Spire
 12537 | D:9      | Found a shimmering altar of Xom.
 12868 | D:10     | Entered Level 10 of the Dungeon
 13018 | D:10     | Reached skill level 10 in Fighting
 13163 | D:10     | HP: 6/85 [something (11)]
 13168 | D:10     | HP: 12/85 [something (4)]
 13170 | D:10     | HP: 2/85 [something (9)]
 13576 | Lair:1   | Entered Level 1 of the Lair of Beasts
 13586 | Lair:1   | Reached skill level 5 in Invocations
 13789 | Lair:1   | Noticed Erica
 13801 | Lair:1   | Killed Erica
 15064 | Lair:2   | Noticed an eight-headed hydra
 15071 | Lair:2   | HP: 4/86 [eight-headed hydra (12)]
 15076 | Lair:2   | Killed an eight-headed hydra
 15839 | Lair:3   | Noticed a catoblepas
 15859 | Lair:3   | Killed a catoblepas
 15905 | Lair:3   | Found a dark tunnel.
 15915 | Volcano  | Entered a volcano
 15934 | Volcano  | HP: 8/86 [molten gargoyle/bolt of magma (9)]
 15937 | Volcano  | Killed from afar by a molten gargoyle

Illustrated notes

Levels and vault maps discovered:
D:1:      denvon_arrival_waterhouse, layout_loops_ring
D:2:      layout_loops_ring
D:3:      layout_loops_ring, nicolae_dithmenos_through_a_glass_darkly,
          nicolae_overflow_hidden_temple, lemuel_flame_loot_1,
          uniq_crazy_yiuf_cottage
D:4:      layout_gridville, lemuel_crystal_altar, lemuel_doored_altar,
          minmay_increasing_density, uniq_ijyb
D:5:      layout_basic, grunt_gozag_breadcrumbs, uniq_grinder
D:6:      layout_basic, minmay_temple_entry_fiery, basic_altar
D:7:      layout_basic, ashenzari_conservatory_becter, xom_teletrap_fun
D:8:      layout_gridville, kennysheep_mini_moat, okawaru_gym_becter,
          basic_altar, abandoned_shop
D:9:      lemuel_insect_pit, layout_basic, kennysheep_mini,
          grunt_lair_entry_orc_guard_hut, minmay_fractal_squares_5, uniq_grum,
          uniq_psyche
D:10:     layout_grid_maze, uniq_erolcha
Lair:1:   layout_loops_ring, serial_bayou_shore_b, lemuel_fruit_tree, uniq_erica
Lair:2:   layout_cave_pods, nicolae_lair_grove_arrangements,
          cheibrodos_lair_caveside_slide
Lair:3:   layout_regular_city, minmay_shoals_entry_beasts,
          spider_nest_entry_funnel_web, nicolae_volcano_entry_lava_flow,
          chequers_serial_rivers_micro_d, grunt_megastairs_2
Volcano:  volcano_aerie

Skill      XL: |  1  2  3  4  5  6  7  8  9 10 11 |
---------------+----------------------------------+-----
Fighting       | 1 2 3 4 5 6 8 9 10 | 10.9
Spellcasting   | 3 4 5 6 7 8 9 |  9.7
Dodging        | 3 |  3.5
Armour         | 1 2 3 5 6 7 |  7.2
Invocations    | 3 4 5 |  5.9
Stealth        | |  1.5

Action                   |  1- 3 |  4- 6 |  7- 9 | 10-12 || total
-------------------------+-------+-------+-------+-------++-------
Melee: Unarmed           |     6 |       |       |       ||     6
       Dagger            |       |    41 |    18 |       ||    59
       Whip              |       |       |    54 |    61 ||   115
       Spear             |       |       |    18 |       ||    18
 Cast: Sting             |    36 |    22 |    45 |    40 ||   143
       Poisonous Vapours |    23 |    21 |    25 |    20 ||    89
       Ignite Poison     |     2 |     3 |    18 |    33 ||    56
       Call Imp          |       |    12 |    14 |    11 ||    37
       Shock             |       |    10 |     1 |       ||    11
       Olgreb's Toxic Ra |       |     2 |    19 |    28 ||    49
       Mephitic Cloud    |       |       |     2 |     6 ||     8
       Fulminant Prism   |       |       |     1 |     4 ||     5
       Summon Lightning  |       |       |       |     5 ||     5
       Blink             |       |       |       |     1 ||     1
Evoke: Wand              |       |       |       |     7 ||     7
  Use: Scroll            |       |       |    10 |     4 ||    14
       Potion            |       |       |     3 |     4 ||     7
 Stab: Sleeping          |       |     1 |     1 |     2 ||     4
Armor: Robe              |     1 |     5 |       |       ||     6
       Leather armour    |       |     7 |    31 |    46 ||    84
Dodge: Dodged            |     6 |    25 |    66 |    62 ||   159

Table legend: (Time is in decaauts)
 A = Elapsed time spent in this place.
 B = Non-inter-level travel time spent in this place.
 C = Inter-level travel time spent in this place.
 D = Time resting spent in this place.
 E = Time spent auto-exploring this place.
 F = Levels seen in this place.
 G = Mean time per level.
                   A        B        C        D        E       F      G
               +--------+--------+--------+--------+--------+-----+--------+
         Total |  15911 |  15206 |    705 |   2357 |  11111 |  14 | 1136.5 |
       Dungeon |  13547 |  12960 |    587 |   1752 |   9685 |  10 | 1354.7 |
          Lair |   2341 |   2224 |    117 |    605 |   1421 |   3 |  780.3 |
       Volcano |     21 |     21 |      0 |      0 |      5 |   1 |   21.0 |
               +--------+--------+--------+--------+--------+-----+--------+

Top non-repeatable levels by time:
     D:9: 1746 daAuts
     D:5: 1593 daAuts
     D:7: 1591 daAuts
     D:2: 1526 daAuts
     D:3: 1467 daAuts
     D:6: 1401 daAuts
     D:4: 1290 daAuts
  Lair:2: 1257 daAuts
     D:1: 1170 daAuts
     D:8: 1082 daAuts
  Lair:1: 1022 daAuts
    D:10: 677 daAuts
  Lair:3: 62 daAuts
 Volcano: 21 daAuts
